 Dungeon Crawl Stone Soup version bcrawl-1.28 (webtiles) character file.

Game seed: 7088357771860911362

416795 KristoblXynda the Carver (level 11, -14/99 HPs)
             Began as a Grey Draconian Gladiator on Nov 19, 2020.
             Was a Follower of Ashenzari.
             Killed from afar by an efreet (26 damage)
             ... with a fireball
             ... on level 10 of the Dungeon.
             The game lasted 00:21:57 (10325 turns).

KristoblXynda the Carver (DrGl)                    Turns: 10325, Time: 00:21:57

Health: -14/99     AC: 17    Str: 17    XL:     11   Next: 81%
Magic:  14/14      EV: 16    Int: 11    God:    Ashenzari [*.....]
Gold:   611        SH:  9    Dex: 13    Spells: 8/10 levels left

rFire    . . .     SeeInvis +   F - +2 scimitar (elec)
rCold    . . .     Gourm    +   q - +0 buckler
rNeg     . . .     Faith    .   (armour unavailable)
rPois    .         Spirit   .   i - +2 hat (curse)
rElec    .         Reflect  .   (no cloak)
rCorr    .         Harm     .   y - +1 pair of gloves
MR       .....                  h - +0 pair of boots {run} (curse)
Stlth    +++.......             m - amulet of the gourmand
HPRegen  0.26/turn              b - ring "Kuackery" {+Fly SInv}
MPRegen  0.14/turn              a - ring of stealth

@: quick
A: walk through water, unfitting armour, unbreathing, cold-blooded, AC +12
a: Curse Item, Scrying, Renounce Religion, Evoke Flight


You were on level 10 of the Dungeon.
You worshipped Ashenzari.
Ashenzari was aware of your devotion.
You were not hungry.

You visited 2 branches of the dungeon, and saw 11 of its levels.
You also visited: Sewer.

You collected 611 gold pieces.

Inventory:

Hand Weapons
 v - the +7 triple sword "Sachof" {drain, rF+ MR- Int+3}
   (You found it on level 10 of the Dungeon)

   A truly terrible weapon, it drains the life of those it strikes.
   It affects your intelligence (+3).
   It protects you from fire.
   It affects your resistance to hostile enchantments.
 F - a +2 scimitar of electrocution (weapon)
Missiles
 c - 5 throwing nets {=f}
Armour
 h - a cursed +0 pair of boots of running (worn)
 i - a cursed +2 hat (worn)
 q - a +0 buckler (worn)
 y - a +1 pair of gloves (worn)
Jewellery
 a - a ring of stealth (right hand)
 b - the ring "Kuackery" (left hand) {+Fly SInv}
   (You found it on level 6 of the Dungeon)

   [ring of flight]

   It lets you see invisible.
   It lets you fly.
 f - an uncursed amulet of magic regeneration
 m - an amulet of the gourmand (around neck)
Wands
 B - a wand of clouds (4)
Scrolls
 k - 5 scrolls of teleportation
 l - 5 scrolls of remove curse
 o - 4 scrolls of blinking
 s - 3 scrolls of enchant weapon
 x - a scroll of immolation
 A - 2 scrolls of amnesia
 C - a scroll of magic mapping
 D - a scroll of identify
Potions
 d - a potion of cancellation
 g - a potion of curing
 j - 6 potions of haste
 p - a potion of ambrosia
 r - 3 potions of magic
 t - a potion of brilliance
 w - a potion of flight
Miscellaneous
 n - a lamp of fire (inert)
 u - a phial of floods
 z - a fan of gales (2/2)
Comestibles
 e - 15 rations {!d}


   Skills:
 + Level 10.0 Fighting
 + Level 11.9 Long Blades
 - Level 2.0 Throwing
 + Level 9.3 Dodging
 - Level 4.0 Shields
 + Level 5.1 Earth Magic
 - Level 5.1 Evocations


You had 8 spell levels left.
You knew the following spells:

 Your Spells              Type           Power        Failure   Level  Hunger
a - Passwall              Tmut/Erth      #.......     36%         2    ####...

Your spell library contained the following spells:

 Spells                   Type           Power        Failure   Level  Hunger
 Sandblast                Erth           ##....       9%          1    None
 Beastly Appendage        Tmut           #.....       56%         1    None
 Stone Arrow              Conj/Erth      #.....       58%         3    #####..
 Sticks to Snakes         Tmut           #.......     71%         2    ####...
 Spider Form              Tmut/Pois      #..          91%         3    #####..
 Petrify                  Tmut/Erth      #.........   94%         4    ######.
 Lee's Rapid Deconstruct  Erth           ##........   94%         5    #######
 Ice Form                 Ice/Tmut       #.......     100%        4    ######.
 Blade Hands              Tmut           #.........   100%        5    #######
 Metabolic Englaciation   Hex/Ice        #.........   100%        5    #######
 Bolt of Cold             Conj/Ice       #.........   100%        6    #######
 Freezing Cloud           Ice/Air        #.........   100%        6    #######
 Ozocubu's Refrigeration  Ice            #.........   100%        6    #######
 Simulacrum               Ice/Necr       #.........   100%        6    #######


Dungeon Overview and Level Annotations

Branches:
Dungeon (10/12)            Temple (1/1) D:4            Lair (0/6) D:9
    Orc (0/1) D:8

Altars:
Ashenzari
Cheibriados
Dithmenos
Elyvilon
Fedhas
Gozag
Hepliaklqana
Kikubaaqudgha
Lugonu
Makhleb
Nemelex Xobeh
Okawaru
Qazlal
Ru
Sif Muna
Trog
Uskayaw
Vehumet
Wu Jian
Xom
Yredelemnul
Zin
The Shining One

Shops:
D:5 [   D:8 %

Annotations:
D:5 1 runed translucent door, yrara's ghost, novice DsFi


Innate Abilities, Weirdness & Mutations

You can walk through water.
Your dull iron-grey scales are very hard. (AC +12)
You cannot fit into any form of body armour.
You can survive without breathing.
You are cold-blooded and may be slowed by cold attacks.


Message History

No path to travel!
The hippogriff bites you.
* * * LOW HITPOINT WARNING * * *
The hippogriff pecks you.
* * * LOW HITPOINT WARNING * * *
You block the hippogriff's attack.
No path to travel!
The hippogriff misses you. x2; The hippogriff claws you.
* * * LOW HITPOINT WARNING * * *
Your surroundings suddenly seem different.
There is an open door here.
As you close the door, it creaks loudly!
You start resting.
The efreet is too close now for your liking.
An efreet is nearby!
The efreet gestures at you. The bolt of fire misses you.
The efreet gestures at you.
The fireball explodes!
The fireball engulfs you!!
You die...

.# #.. #.# #.#####+#####
#.#######.#...#.#...#
####.......#.#.#.....#.#
. ..#.......#.#..##.##..#
.##.#.......#.##.#.#.#.##
.#.<#.......#.'.).# #...+
............#.##.#.#.#.##
............#.#.@##.##..#
..##........#.#.#...R.#.#
............#.#...#°#...#
......z.......#####+#####
..###.....#...#....)....#
..# #######...#....#....#
..## #^..#..#..○#°.# ...#
#...#......°..###
...######
#...'.#.....#.'..


You could see an efreet.

Vanquished Creatures
  A hydra (D:10)
  2 two-headed ogres
  A deep troll earth mage (D:10)
  A skeletal warrior (D:10)
  A phantasmal warrior (D:10)
  A centaur zombie (D:10)
  A gargoyle (D:10)
  A yaktaur (D:10)
  A hornet (D:9)
  3 trolls
  4 hippogriffs
  6 yaks (D:8)
  A spriggan (shapeshifter) (D:10)
  A basilisk (D:7)
  2 hungry ghosts
  A steam dragon (D:8)
  A soldier ant (D:10)
  A water moccasin (D:7)
  A crocodile (D:8)
  A black bear (D:7)
  2 ice beasts (D:6)
  4 ogres (D:8)
  4 orc warriors
  4 sky beasts
  A centaur (D:7)
  9 big kobolds
  7 bullfrogs
  A gnoll sergeant (D:6)
  3 scorpions
  6 wights
  A killer bee (D:10)
  2 howler monkeys (D:4)
  A bullfrog zombie (D:6)
  6 crimson imps
  A quasit (D:8)
  5 hounds
  2 bullfrog skeletons
  4 orc priests
  6 centaur skeletons
  9 orc wizards
  4 iguanas
  6 worker ants
  A killer bee zombie (D:6)
  A hound skeleton (D:6)
  A howler monkey zombie (D:6)
  19 adders
  11 gnolls
  2 shadow imps
  2 oozes
  An adder skeleton (D:8)
  5 worms
  2 dart slugs (D:3)
  4 leopard geckos
  29 orcs
  5 ball pythons
  7 bats
  A giant cockroach (D:2)
  4 goblins
  9 hobgoblins
  4 jackals
  13 kobolds
  6 quokkas
  5 frilled lizards
  A quokka skeleton (D:4)
  10 rats
  A plant (D:9)
264 creatures vanquished.

Vanquished Creatures (collateral kills)
  A komodo dragon (D:9)
1 creature vanquished.

Vanquished Creatures (others)
  A centaur skeleton (D:10)
  2 plants (D:9)
  2 withered plants (D:5)
5 creatures vanquished.

Grand Total: 270 creatures vanquished

Notes
Turn   | Place    | Note
-------+----------+-------------------------------------------
     0 | D:1      | KristoblXynda the Draconian Gladiator began the quest for
                  | the Orb.
     0 | D:1      | Reached XP level 1. HP: 19/19 MP: 1/1
   209 | D:1      | Reached XP level 2. HP: 24/26 MP: 2/2
   975 | D:2      | Reached XP level 3. HP: 33/33 MP: 3/3
  1283 | D:2      | Found a blossoming altar of Fedhas.
  2062 | D:3      | Reached skill level 4 in Long Blades
  2062 | D:3      | Reached XP level 4. HP: 40/40 MP: 4/4
  2184 | D:4      | Found a staircase to the Ecumenical Temple.
  2204 | Temple   | Entered the Ecumenical Temple
  2234 | Temple   | Became a worshipper of Ashenzari the Shackled
  2290 | D:4      | Identified a +0 pair of boots of running (You found it on
                  | level 1 of the Dungeon)
  2508 | D:4      | Noticed a hungry ghost
  2546 | D:3      | Killed a hungry ghost
  2546 | D:3      | Reached XP level 5. HP: 35/47 MP: 5/5
  2586 | D:3      | Found a glowing silver altar of Zin.
  2617 | D:3      | Reached skill level 5 in Long Blades
  2744 | D:4      | Reached XP level 6. HP: 19/53 MP: 6/6
  2836 | D:4      | Found a glowing golden altar of the Shining One.
  2906 | D:4      | Reached skill level 1 in Shields
  2979 | D:4      | Found a sacrificial altar of Ru.
  3166 | D:4      | Noticed a sky beast
  3181 | D:4      | Killed a sky beast
  3181 | D:4      | Reached skill level 6 in Long Blades
  3181 | D:4      | Your scales start taking on a dull iron-grey colour.
  3181 | D:4      | Reached XP level 7. HP: 60/60 MP: 7/7
  3181 | D:4      | Gained mutation: You can survive without breathing. [Grey
                  | Draconian growth]
  3645 | D:5      | Entered Level 5 of the Dungeon
  3653 | D:5      | Found a glowing drain.
  3671 | Sewer    | Entered a sewer
  3714 | Sewer    | Reached skill level 7 in Long Blades
  3736 | Sewer    | Reached skill level 5 in Dodging
  3783 | Sewer    | Reached XP level 8. HP: 63/67 MP: 8/8
  4385 | D:5      | Reached skill level 8 in Long Blades
  4403 | D:5      | Found a runed translucent door.
  4408 | D:5      | Noticed yrara's ghost (novice DsFi)
  4414 | D:5      | Found a shimmering altar of Xom.
  4631 | D:5      | Reached skill level 5 in Fighting
  4687 | D:5      | Found Xixtapto's Armour Shoppe.
  4884 | D:5      | Reached XP level 9. HP: 43/74 MP: 9/9
  5193 | D:5      | Found a white marble altar of Elyvilon.
  5343 | D:6      | Reached skill level 9 in Long Blades
  5358 | D:6      | Identified the ring "Kuackery" {+Fly SInv}
  5397 | D:6      | Noticed a two-headed ogre
  5430 | D:6      | Killed a two-headed ogre
  5434 | D:6      | HP: 2/75 [orc wizard/magic dart (3)]
  5790 | D:6      | Reached skill level 10 in Long Blades
  5811 | D:6      | Learned a level 2 spell: Passwall
  6268 | D:7      | Reached skill level 1 in Evocations
  6551 | D:7      | Found a shimmering blue altar of Sif Muna.
  6797 | D:7      | Reached XP level 10. HP: 80/86 MP: 11/11
  7163 | D:7      | Found a burning altar of Makhleb.
  7385 | D:8      | Found Saafeupp's Food Shoppe.
  7585 | D:8      | Found a staircase to the Orcish Mines.
  7728 | D:8      | Reached * piety under Ashenzari
  7739 | D:8      | Found a snail-covered altar of Cheibriados.
  7873 | D:8      | Found a hide-covered altar of Uskayaw.
  8412 | D:9      | Reached skill level 11 in Long Blades
  8594 | D:9      | Reached skill level 5 in Evocations
  8699 | D:9      | Reached XP level 11. HP: 62/95 MP: 14/14
  8967 | D:9      | Found a staircase to the Lair.
  9234 | D:9      | Reached skill level 1 in Earth Magic
  9377 | D:9      | Noticed a two-headed ogre
  9385 | D:9      | Killed a two-headed ogre
  9550 | D:10     | Entered Level 10 of the Dungeon
  9619 | D:10     | Noticed a five-headed hydra
  9622 | D:10     | Noticed a skeletal warrior
  9630 | D:10     | Killed a five-headed hydra
  9636 | D:10     | Noticed a centaur warrior
  9812 | D:10     | Killed a skeletal warrior
  9958 | D:10     | Noticed a phantasmal warrior
  9973 | D:10     | Killed a phantasmal warrior
  9975 | D:10     | Noticed a deep troll earth mage
  9982 | D:10     | Killed a deep troll earth mage
  9985 | D:10     | Got the triple sword "Sachof" {drain, rF+ MR- Int+3}
 10160 | D:10     | Reached skill level 10 in Fighting
 10160 | D:10     | Reached skill level 5 in Earth Magic
 10280 | D:10     | Noticed an ogre mage
 10285 | D:10     | Noticed a skeletal warrior
 10325 | D:10     | Killed from afar by an efreet

Skill      XL: |  1  2  3  4  5  6  7  8  9 10 11 |
---------------+----------------------------------+-----
Throwing       | 2 |  2.0
Dodging        | 3 4 5 6 7 8 9 |  9.3
Long Blades    | 4 5 6 7 8 10 11 | 11.9
Fighting       | 4 5 7 8 10 | 10.0
Shields        | 2 3 4 |  4.0
Evocations     | 2 5 |  5.1
Earth Magic    | 5 |  5.1

Action                   |  1- 3 |  4- 6 |  7- 9 | 10-12 || total
-------------------------+-------+-------+-------+-------++-------
Melee: Long sword        |   135 |   124 |   662 |   219 ||  1140
       Tailslap          |    13 |    19 |    84 |    95 ||   211
       Scimitar          |       |       |       |   329 ||   329
Invok: Curse Item        |       |     2 |     1 |       ||     3
Evoke: Wand              |       |       |       |     6 ||     6
       Lamp of fire      |       |       |       |     1 ||     1
       Phial of floods   |       |       |       |     1 ||     1
  Use: Scroll            |       |     5 |     3 |    14 ||    22
       Potion            |       |     1 |     2 |     4 ||     7
 Stab: Sleeping          |     1 |       |     3 |     7 ||    11
       Distracted        |       |     1 |       |       ||     1
  Eat: Chunk             |     7 |    12 |    22 |    24 ||    65
       Ration            |       |     3 |     1 |     1 ||     5
Armor: Skin              |    37 |    41 |   217 |   157 ||   452
Dodge: Dodged            |    98 |    73 |   374 |   251 ||   796
Block: Other             |     1 |     1 |    13 |       ||    15
       Buckler           |       |       |   126 |   178 ||   304
